 Dungeon Sprint DCSS version 0.28-a0-128-gcbb86046cc (webtiles) character file.

Game seed: 1999051990030476780

3948 xpp the Unseen (level 10, -3/56 HPs)
             Began as an Octopode Conjurer on Aug 16, 2021.
             Was the Champion of Sif Muna.
             Slain by an earth elemental (29 damage)
             ... in the Dungeon (Sprint V: "Ziggurat Sprint").
             The game lasted 00:24:40 (929 turns).

xpp the Unseen (Octopode Conjurer)                   Turns: 929, Time: 00:24:40

Health: -3/56      AC:  1    Str: 18    XL:     10   Next: 21%
Magic:  15/18      EV: 22    Int: 34    God:    Sif Muna [******]
Gold:   0          SH: 16    Dex: 31    Spells: 3/20 levels left

rFire   + + +      SeeInvis +   D - +5 quick blade (freeze)
rCold   + + .      Faith    +   B - +3 kite shield
rNeg    . . .      Spirit   .   (helmet restricted)
rPois   +          Reflect  .   H - amulet "Zathryrph" {Faith *Slow rF+++ Int+6}
rElec   +          Harm     .   r - +6 ring of dexterity
rCorr   +          Rampage  .   s - +6 ring of dexterity
Will    .....      NoTele   +   G - +6 ring of dexterity
Stlth   ++++++++..              I - ring of see invisible
HPRegen 0.18/turn               u - +6 ring of intelligence
MPRegen 0.16/turn               v - +6 ring of strength
                                w - +6 ring of strength
                                j - ring of protection from cold

@: resistant
A: almost no armour, amphibious, 8 rings, camouflage 1, gelatinous body 1,
(nimble swimmer 1), tentacles
a: Renounce Religion, Channel Magic, Forget Spell, Divine Exegesis


You were in the Dungeon.
You worshipped Sif Muna.
Sif Muna was exalted by your worship.
You visited 1 branch

Inventory:

Hand Weapons
 D - a +5 quick blade of freezing (weapon)
 E - the +6 Majin-Bo {vamp, MP+6 Int+6}
   (You found it in the Dungeon)

   It occasionally heals its wielder for a portion of the damage dealt when they
   wound a living foe with it or with a spell.
   Its wielder's spells cost health as well as magical power.
   Int:       It affects your intelligence (+6).
   MP:        It affects your magic capacity (+6).
Armour
 A - a +3 buckler
 B - a +3 kite shield (worn)
 C - a +3 tower shield
 F - the +18 shield of the Gong {rElec rN+ Will+ EV-5}
   (You found it in the Dungeon)

   It is deafeningly noisy when blocking attacks.
   EV:        It affects your evasion (-5).
   rElec:     It insulates you from electricity.
   rN:        It protects you from negative energy.
   Will:      It increases your willpower.
Jewellery
 j - a ring of protection from cold (on tentacle)
 r - a +6 ring of dexterity (left tentacle)
 s - a +6 ring of dexterity (right tentacle)
 u - a +6 ring of intelligence (on tentacle)
 v - a +6 ring of strength (on tentacle)
 w - a +6 ring of strength (on tentacle)
 G - a +6 ring of dexterity (on tentacle)
 H - the amulet "Zathryrph" (around mantle) {Faith *Slow rF+++ Int+6}
   (You found it in the Dungeon)

   [amulet of faith]

   It allows you to gain divine favour quickly.
   Int:       It affects your intelligence (+6).
   rF:        It renders you almost immune to fire.
   *Slow:     It may slow you when you take damage.
 I - a ring of see invisible (on tentacle)
Wands
 x - a wand of mindburst (5)
Scrolls
 f - 3 scrolls of blinking
 h - a scroll of brand weapon
 l - 4 scrolls of amnesia
 m - 7 scrolls of fog
 n - a scroll of holy word
 o - 5 scrolls of identify
 p - 2 scrolls of fear
Potions
 a - 9 potions of curing
 b - 8 potions of heal wounds
 c - 6 potions of haste
 d - 7 potions of magic
 e - 3 potions of berserk rage
 g - 2 potions of brilliance
 i - 2 potions of resistance
 k - 5 potions of might


   Skills:
 - Level 8.0 Short Blades
 * Level 9.4 Dodging
 * Level 17.0 Stealth
 * Level 8.9 Shields
 - Level 5.8 Spellcasting
 - Level 9.4 Conjurations
 - Level 2.0 Hexes
 - Level 7.8 Ice Magic


You had 3 spell levels left.
You knew the following spells:

 Your Spells              Type           Power      Damage    Failure   Level
a - Magic Dart            Conj           100%       1d8       1%          1
b - Dazzling Flash        Conj/Hex       98%        N/A       2%          3
c - Ozocubu's Armour      Ice            59%        N/A       1%          3
d - Searing Ray           Conj           100%       3d7       1%          2
e - Confusing Touch       Hex            24%        N/A       12%         3
f - Ensorcelled Hibernat  Hex/Ice        86%        N/A       1%          2
g - Mephitic Cloud        Conj/Pois/Air  31%        N/A       8%          3

Your spell library contained the following spells:

 Spells                   Type           Power      Damage    Failure   Level
 Foxfire                  Conj/Fire      100%       2x1d9     1%          1
 Shock                    Conj/Air       100%       1d9       1%          1
 Conjure Flame            Conj/Fire      42%        6-21      3%          3
 Stone Arrow              Conj/Erth      84%        3d12      3%          3
 Slow                     Hex            24%        N/A       6%          2
 Pain                     Necr           36%        1d5       9%          1
 Sting                    Tmut/Pois      36%        1d4       9%          1
 Passwall                 Tmut/Erth      7%         N/A       14%         2
 Poisonous Vapours        Pois/Air       18%        N/A       14%         2
 Inner Flame              Hex/Fire       17%        N/A       17%         3
 Gell's Gravitas          Tloc           4%         N/A       26%         3
 Spider Form              Tmut/Pois      4%         N/A       26%         3
 Swiftness                Air            9%         N/A       26%         3
 Teleport Other           Tloc           9%         N/A       26%         3
 Hailstorm                Conj/Ice       62%        3d13      2%          4
 Iskenderun's Battlesphe  Conj           65%        2d11      5%          5
 Fulminant Prism          Conj/Hex       24%        3d13      9%          4
 Iskenderun's Mystic Bla  Conj/Tloc      42%        2d10      13%         4
 Ice Form                 Ice/Tmut       36%        N/A       19%         4
 Freezing Cloud           Conj/Ice/Air   24%        6-21      24%         5
 Metabolic Englaciation   Hex/Ice        21%        N/A       32%         5
 Fireball                 Conj/Fire      21%        3d10      34%         5
 Irradiate                Conj/Tmut      21%        3d20      34%         5
 Lightning Bolt           Conj/Air       21%        1d36      34%         5
 Cause Fear               Hex            12%        N/A       36%         4
 Airstrike                Air            4%         N/A       65%         4
 Animate Dead             Necr           4%         N/A       65%         4
 Olgreb's Toxic Radiance  Pois           9%         N/A       65%         4
 Summon Lightning Spire   Summ/Air       9%         N/A       65%         4
 Yara's Violent Unravell  Hex/Tmut       8%         3d5       85%         5
 Orb of Destruction       Conj           32%        9d12      85%         7
 Conjure Ball Lightning   Conj/Air       21%        3x3d6     89%         6
 Starburst                Conj/Fire      21%        8x6d7     89%         6
 Borgnjor's Vile Clutch   Necr/Erth      4%         N/A       94%         5
 Simulacrum               Ice/Necr       18%        N/A       95%         6
 Dispersal                Tloc           4%         N/A       100%        6
 Shadow Creatures         Summ           N/A        N/A       100%        6
 Dragon Form              Tmut           4%         N/A       100%        7
 Haunt                    Necr/Summ      4%         N/A       100%        7
 Malign Gateway           Summ/Tloc      4%         N/A       100%        7
 Borgnjor's Revivificati  Necr           4%         N/A       100%        8
 Ignition                 Fire           4%         3d4       100%        8
 Infestation              Necr           4%         N/A       100%        8
 Lehudib's Crystal Spear  Conj/Erth      21%        10d6      100%        8
 Summon Horrible Things   Summ           4%         N/A       100%        8
 Chain Lightning          Conj/Air       21%        3d28      100%        9
 Dragon's Call            Summ           4%         N/A       100%        9


Dungeon Overview and Level Annotations

Branches:
Dungeon (1/1)

Altars:
Ashenzari
Cheibriados
Dithmenos
Elyvilon
Fedhas
Gozag
Hepliaklqana
Kikubaaqudgha
Makhleb
Nemelex Xobeh
Okawaru
Qazlal
Ru
Sif Muna
Trog
Uskayaw
Vehumet
Wu Jian
Xom
Yredelemnul
Zin
The Shining One
Beogh
Jiyva
Lugonu

Annotations:
D 1 transporter


Innate Abilities, Weirdness & Mutations

You cannot wear most types of armour.
You are amphibious.
You can wear up to eight rings at the same time.
Your skin changes colour to match your surroundings (Stealth+).
Your rubbery body absorbs attacks. (AC +1, EV +1)
((You are camouflaged near water. (Stealth+)))
You have tentacles for arms and can constrict up to eight enemies at once.


Message History

You add the spells Malign Gateway and Summon Horrible Things to your library.
You pick up Sif Muna's Reference Book on the Warped Arsonist and begin reading...
You add the spell Ignition to your library.
You pick up a Young Poisoner's Handbook and begin reading...
You add the spells Sting, Poisonous Vapours and Olgreb's Toxic Radiance to your library.
There is a transporter here.
You start resting.
HP restored.
Welcome to arena 10.
You enter the transporter and appear at another place.
A dancing weapon, an earth elemental, 3 fire elementals and 4 elves come into view.
The deep elf knight is wielding a +0 scimitar and wearing a +1 buckler of reflection.
There is a +3 battleaxe of draining.
A deep elf zephyrmancer is wielding a +0 short sword of protection.
Found nine items.
Found a transporter.
The deep elf zephyrmancer shouts!
The deep elf pyromancer shouts!
The earth elemental hits you!!
Okay, then.
Casting: Dazzling Flash (dangerous; 2% risk of failure)
Confirm with . or Enter, or press ? or * to list all spells.
The deep elf zephyrmancer is dazzled.
The deep elf knight is dazzled.
The deep elf knight shouts!
The deep elf zephyrmancer shouts!
The fire elemental closely misses you.
The deep elf pyromancer mumbles some strange words.
The deep elf pyromancer blinks!
The deep elf knight shouts!
You feel protected.
The deep elf zephyrmancer casts a spell at you.
The bolt of lightning hits you! You resist.
The fire elemental completely misses you.
The deep elf zephyrmancer gestures wildly while chanting.
The deep elf zephyrmancer blinks!
You hit the fire elemental. You freeze the fire elemental.
The fire elemental is lightly damaged.
The deep elf knight is no longer blind.
The deep elf zephyrmancer is no longer blind.
You block the +3 battleaxe of draining's attack.
The fire elemental completely misses you.
The earth elemental hits you!!
Ouch! That really hurt!
You die...

▓.▓...))▓.▓.▓...▓†▓
▓....©..).▓...©...▓
▓▓▓▓▓▓▓▓▓▓▓▓▓▓▓▓▓▓▓
▓...8©8...▓
▓..})")}..▓
▓ee.○°)[..▓
▓..E○.....▓
▓eE.......▓
▓@EE......▓
▓.(.......▓
▓....e....▓
▓....©....▓
▓▓▓▓▓▓▓▓▓▓▓


You could see a deep elf knight, an earth elemental, a deep elf pyromancer, 2
deep elf zephyrmancers, 3 fire elementals and a +3 battleaxe of draining.

Vanquished Creatures
  4 toenail golems (D)
  A black mamba (D)
  A freezing wraith (D)
  An ice devil (D)
  A polar bear (D)
  A tarantella (D)
  2 nagas (D)
  2 water moccasins (D)
  2 orc warriors (D)
  An ice beast (D)
  2 phantoms (D)
  2 earth elementals (D)
  A scorpion (D)
  A wight (D)
  8 orc priests (D)
  An orc wizard (D)
  An adder (D)
  2 river rats (D)
  An adder simulacrum (D)
  2 orcs (D)
  A jackal (D)
  5 ball pythons (D)
  A bat simulacrum (D)
  A jackal skeleton (D)
45 creatures vanquished.

Notes
Turn   | Place    | Note
-------+----------+-------------------------------------------
     0 | D        | xpp the Octopode Conjurer began the quest for the Orb.
     0 | D        | Reached XP level 1. HP: 11/11 MP: 3/3
     0 | D        | Found a shimmering blue altar of Sif Muna.
     0 | D        | Found a sacrificial altar of Ru.
     0 | D        | Found a bloodstained altar of Trog.
     0 | D        | Found a stormy altar of Qazlal.
     0 | D        | Found an iron altar of Okawaru.
     0 | D        | Found a sparkling altar of Nemelex Xobeh.
     0 | D        | Found a blossoming altar of Fedhas.
     1 | D        | Found the +6 Majin-Bo {vamp, MP+6 Int+6}
     1 | D        | Found the +9 heavy crossbow "Sniper" {vorpal, Acc+∞ SInv}
     1 | D        | Found the +10 dark maul {vorpal}
     1 | D        | Found the +15 Maxwell's patent armour {-Cast -Tele rElec
                  | Will+ rCorr}
     1 | D        | Found the +18 shield of the Gong {rElec rN+ Will+ EV-5}
     1 | D        | Found the +14 obsidian axe {vorpal, Drain Fly SInv}
     1 | D        | Found the +7 great mace "Firestarter" {inner flame, rF++}
     1 | D        | Found the +6 shillelagh "Devastator" {shatter}
     1 | D        | Found the +11 plutonium sword {Contam Stlth-}
     1 | D        | Found the +8 lance "Wyrmbane" {slay drac, rPois rF+ rC+
                  | AC+3}
     1 | D        | Found the +9 sword of Zonguldrok {reap}
     1 | D        | Found the +13 scythe of Curses {drain, Drain}
     1 | D        | Found the +5 sword of Power {vorpal}
     1 | D        | Found the +7 mace of Variability {chain chaos}
     1 | D        | Found the +7 Singing Sword {vorpal, sonic wave}
     1 | D        | Found the +8 storm bow {elec, penet}
     2 | D        | Found an ancient bone altar of Kikubaaqudgha.
     2 | D        | Found a transporter.
     2 | D        | Found a corrupted altar of Lugonu.
     2 | D        | Found a viscous altar of Jiyva.
     2 | D        | Found a burning altar of Makhleb.
     2 | D        | Found a hazy altar of Hepliaklqana.
     2 | D        | Found an opulent altar of Gozag.
    54 | D        | Reached XP level 2. HP: 17/17 MP: 5/5
    68 | D        | Became a worshipper of Sif Muna the Loreminder
    78 | D        | Entered arena 2.
    78 | D        | Noticed a scorpion
    78 | D        | Noticed a tarantella
    78 | D        | Found a transporter.
    87 | D        | Killed a scorpion
    88 | D        | Reached skill level 3 in Stealth
    88 | D        | Reached XP level 3. HP: 19/21 MP: 6/6
    88 | D        | Reached XP level 4. HP: 25/27 MP: 7/7
    90 | D        | Killed a tarantella
    91 | D        | Reached skill level 5 in Stealth
    91 | D        | Reached XP level 5. HP: 29/31 MP: 7/9
   112 | D        | Entered arena 3.
   112 | D        | Found a transporter.
   115 | D        | Reached * piety under Sif Muna
   116 | D        | Reached XP level 6. HP: 36/36 MP: 10/10
   137 | D        | Entered arena 4.
   137 | D        | Found a transporter.
   141 | D        | Reached ** piety under Sif Muna
   150 | D        | Reached skill level 7 in Stealth
   169 | D        | Learned a level 3 spell: Dazzling Flash
   174 | D        | Learned a level 3 spell: Ozocubu's Armour
   177 | D        | Learned a level 2 spell: Searing Ray
   184 | D        | Entered arena 5.
   184 | D        | Noticed a water moccasin
   184 | D        | Found a transporter.
   190 | D        | Killed a water moccasin
   190 | D        | Reached *** piety under Sif Muna
   191 | D        | Reached skill level 5 in Dodging
   191 | D        | Reached skill level 8 in Stealth
   191 | D        | Reached XP level 7. HP: 37/41 MP: 12/14
   206 | D        | Entered arena 6.
   206 | D        | Found a transporter.
   208 | D        | Reached **** piety under Sif Muna
   212 | D        | Reached skill level 9 in Stealth
   316 | D        | Entered arena 7.
   316 | D        | Noticed a toenail golem
   316 | D        | Noticed a toenail golem
   316 | D        | Noticed a toenail golem
   316 | D        | Noticed a toenail golem
   317 | D        | Found a transporter.
   327 | D        | Killed a toenail golem
   327 | D        | Reached ***** piety under Sif Muna
   328 | D        | Reached skill level 10 in Stealth
   328 | D        | Reached skill level 5 in Shields
   328 | D        | Reached skill level 5 in Spellcasting
   328 | D        | Reached XP level 8. HP: 34/46 MP: 15/15
   336 | D        | Reached skill level 11 in Stealth
   340 | D        | Killed a toenail golem
   341 | D        | Reached skill level 12 in Stealth
   341 | D        | Reached skill level 5 in Ice Magic
   345 | D        | Received a gift from Sif Muna
   349 | D        | Killed a toenail golem
   350 | D        | Reached skill level 13 in Stealth
   350 | D        | Reached XP level 9. HP: 39/51 MP: 12/17
   353 | D        | Killed a toenail golem
   354 | D        | Reached skill level 14 in Stealth
   362 | D        | Got Sif Muna's Catalogue of the Fiery Birds {god gift}
   373 | D        | Got the Grimoire of the Secret Deaths
   451 | D        | Entered arena 8.
   451 | D        | Noticed an ice devil
   451 | D        | Noticed a freezing wraith
   451 | D        | Noticed a polar bear
   452 | D        | Found a transporter.
   480 | D        | Killed an ice devil
   482 | D        | Killed a freezing wraith
   482 | D        | Received a gift from Sif Muna
   483 | D        | Reached skill level 15 in Stealth
   483 | D        | Killed a polar bear
   491 | D        | Got Sif Muna's Compendium of Creative Earth {god gift}
   497 | D        | Learned a level 3 spell: Confusing Touch
   504 | D        | Got the amulet "Zathryrph" {Faith *Slow rF+++ Int+6}
   596 | D        | Entered arena 9.
   596 | D        | Noticed a black mamba
   597 | D        | Found the +10 Black Knight's barding {ponderous, rPois rN+}
   597 | D        | Found a transporter.
   602 | D        | Reached skill level 16 in Stealth
   602 | D        | Reached skill level 1 in Hexes
   604 | D        | Killed a black mamba
   604 | D        | Received a gift from Sif Muna
   605 | D        | Reached XP level 10. HP: 46/56 MP: 18/18
   612 | D        | Reached ****** piety under Sif Muna
   616 | D        | Got Sif Muna's Volume of Combat Magic and Flight {god gift}
   758 | D        | Got the Compendium of the Wilderness
   769 | D        | Entered arena 10.
   789 | D        | Received a gift from Sif Muna
   792 | D        | Reached skill level 17 in Stealth
   795 | D        | Found a transporter.
   799 | D        | Got Sif Muna's Grimoire of Destructive Ignition {god gift}
   803 | D        | Learned a level 2 spell: Ensorcelled Hibernation
   807 | D        | Learned a level 3 spell: Mephitic Cloud
   817 | D        | Got Sif Muna's Reference Book on the Warped Arsonist
   921 | D        | Entered arena 11.
   921 | D        | Noticed a deep elf knight
   921 | D        | Noticed a deep elf pyromancer
   921 | D        | Noticed a deep elf zephyrmancer
   921 | D        | Noticed a +3 battleaxe of draining
   921 | D        | Noticed a deep elf zephyrmancer
   922 | D        | Found the amulet of the Air {Inacc Air Fly rElec RMsl}
   922 | D        | Found a transporter.
   929 | D        | Slain by an earth elemental

Illustrated notes

Levels and vault maps discovered:
D:        sprint_v [room_start, room_1, room_2, room_3, room_4, room_5, room_6,
          room_7, room_8, room_9, room_10, room_11, room_12, room_13, room_14,
          room_15, room_16, room_17, room_18, room_19, room_20, room_21,
          room_22, room_23, room_24, room_25, room_26, room_27]

Skill      XL: |  1  2  3  4  5  6  7  8  9 10 |
---------------+-------------------------------+-----
Short Blades   | 7 8 |  8.0
Stealth        | 3 5 8 10 13 16 17 | 17.0
Conjurations   | 6 9 |  9.4
Dodging        | 3 5 6 7 9 |  9.4
Spellcasting   | 3 4 5 |  5.8
Shields        | 3 5 7 8 |  8.9
Ice Magic      | 2 4 6 7 |  7.8
Hexes          | 1 2 |  2.0

Action                   |  1- 3 |  4- 6 |  7- 9 | 10-12 || total
-------------------------+-------+-------+-------+-------++-------
Melee: Quick blade       |     8 |    16 |    50 |    23 ||    97
       Tentacles         |     2 |     7 |    22 |     9 ||    40
       Constrict         |     1 |     2 |     6 |     6 ||    15
 Cast: Ozocubu's Armour  |       |       |     2 |       ||     2
       Dazzling Flash    |       |       |       |     2 ||     2
Evoke: Wand              |       |     5 |     9 |     2 ||    16
  Use: Potion            |     2 |       |     2 |     4 ||     8
       Scroll            |       |     1 |     1 |       ||     2
 Stab: Invisible         |     1 |     1 |    10 |     2 ||    14
       Sleeping          |       |     1 |     4 |       ||     5
Armor: Skin              |       |       |     1 |       ||     1
Dodge: Dodged            |     2 |     5 |     8 |     4 ||    19
Block: Buckler           |       |     6 |     3 |       ||     9
       Kite shield       |       |       |    23 |     5 ||    28

Table legend: (Time is in decaauts)
 A = Elapsed time spent in this place.
 B = Non-inter-level travel time spent in this place.
 C = Inter-level travel time spent in this place.
 D = Time resting spent in this place.
 E = Time spent auto-exploring this place.
 F = Levels seen in this place.
 G = Mean time per level.
                   A        B        C        D        E       F      G
               +--------+--------+--------+--------+--------+-----+--------+
         Total |    862 |    862 |      0 |    452 |      0 |   1 |  862.0 |
       Dungeon |    862 |    862 |      0 |    452 |      0 |   1 |  862.0 |
               +--------+--------+--------+--------+--------+-----+--------+

Top non-repeatable levels by time:
       D: 862 daAuts
